BLB
NEW YORK CYCLONES @ DENVER BULLS
05/09/2060
 
TOP OF THE 1ST
New York Cyclones batting - Pitching for Denver Bulls : RHP Dwan Tamarovsky
Pitching: RHP Dwan Tamarovsky
Batting: RHB Stefan Jamroz 0-0: Ball
1-0: Called Strike
1-1: Foul Ball, location: 2F
1-2: Strikes out swinging
Batting: RHB Fred Etheridge 0-0: Foul Ball, location: 2F
0-1: Ball
1-1: Foul Ball, location: 2F
1-2: Ball
2-2: Ball
3-2: Foul Ball, location: 2F
3-2: SINGLE (Groundball, 23, EV 64.4 MPH) (infield hit)
Batting: LHB Jim Mjima 0-0: Called Strike
Fred Etheridge is caught stealing 2nd base 2-6
0-1: Called Strike
0-2: Strikes out swinging
Top of the 1st over - 0 runs, 1 hit, 0 errors, 0 left on base; New York 0 - Denver 0
BOTTOM OF THE 1ST
Denver Bulls batting - Pitching for New York Cyclones : RHP Theodore Stocker
Pitching: RHP Theodore Stocker
Batting: RHB Dalton Brown 0-0: Ball
1-0: Ball
2-0: SINGLE (Groundball, 4MD, EV 95.6 MPH)
Batting: LHB Johnathan Wang 0-0: Swinging Strike
0-1: Ball
1-1: Called Strike
1-2: Ball
2-2: Ball
3-2: SINGLE (Groundball, 25, EV 66.9 MPH) (infield hit)
Dalton Brown to second
Batting: RHB Chasson Egan 0-0: Grounds into double play, 6-4-3 (Groundball, 6, EV 85.6 MPH)
Dalton Brown to third
Batting: LHB Michael Hughes 0-0: Ball
1-0: Called Strike
1-1: Ball
2-1: Ball
3-1: Called Strike
3-2: Fly out, F9 (Flyball, 9S, EV 93.1 MPH)
Bottom of the 1st over - 0 runs, 2 hits, 0 errors, 1 left on base; New York 0 - Denver 0
TOP OF THE 2ND
New York Cyclones batting - Pitching for Denver Bulls : RHP Dwan Tamarovsky
Batting: LHB Jared Rosewall 0-0: Ball
1-0: Ball
2-0: Called Strike
2-1: Foul Ball, location: 2F
2-2: Ball
3-2: Foul Ball, location: 2F
3-2: Foul Ball, location: 2F
3-2: SOLO HOME RUN (Line Drive, 9LD, EV 100.6 MPH), Distance : 389 ft
Batting: RHB Alexander Charter 0-0: Called Strike
0-1: Ball
1-1: Ball
2-1: SOLO HOME RUN (Flyball, 7D, EV 96.2 MPH), Distance : 384 ft
Batting: LHB Elmer Nelson 0-0: Ball
1-0: Ball
2-0: Swinging Strike
2-1: Foul Ball, location: 2F
2-2: Foul Ball, location: 2F
2-2: Foul Ball, location: 2F
2-2: Foul Ball, location: 2F
2-2: Strikes out swinging
Batting: RHB Pat Duke 0-0: Called Strike
0-1: Foul Ball, location: 2F
0-2: DOUBLE (Line Drive, 7LM, EV 105.6 MPH)
Batting: LHB Tariq Alston 0-0: Called Strike
0-1: Ball
1-1: Ball
2-1: Ground out 6-3 (Groundball, 6, EV 103.1 MPH)
Batting: RHB Kaniel Martinez 0-0: Called Strike
0-1: Ball
1-1: Called Strike
1-2: Foul Ball, location: 2F
1-2: Ball
2-2: Strikes out swinging
Top of the 2nd over - 2 runs, 3 hits, 0 errors, 1 left on base; New York 2 - Denver 0
BOTTOM OF THE 2ND
Denver Bulls batting - Pitching for New York Cyclones : RHP Theodore Stocker
Batting: RHB Kyle Bruns 0-0: Ball
1-0: Swinging Strike
1-1: Swinging Strike
1-2: Ball
2-2: Foul Ball, location: 2F
2-2: Foul Ball, location: 2F
2-2: Foul Ball, location: 2F
2-2: Strikes out swinging
Batting: LHB Vince Ridgway 0-0: Ground out 6-3 (Groundball, 6MS, EV 83.8 MPH)
Batting: RHB Liam Gill 0-0: Ball
1-0: Swinging Strike
1-1: Ground out 5-3 (Groundball, 5, EV 103.8 MPH)
Bottom of the 2nd over - 0 runs, 0 hits, 0 errors, 0 left on base; New York 2 - Denver 0
TOP OF THE 3RD
New York Cyclones batting - Pitching for Denver Bulls : RHP Dwan Tamarovsky
Batting: RHB Stefan Jamroz 0-0: Ball
1-0: Ball
2-0: Ground out 4-3 (Groundball, 4, EV 98.1 MPH)
Batting: RHB Fred Etheridge 0-0: Foul Ball, location: 2F
0-1: Ground out 6-3 (Groundball, 6, EV 91.2 MPH)
Batting: LHB Jim Mjima 0-0: Called Strike
0-1: Ball
1-1: Ball
2-1: Called Strike
2-2: Strikes out swinging
Top of the 3rd over - 0 runs, 0 hits, 0 errors, 0 left on base; New York 2 - Denver 0
BOTTOM OF THE 3RD
Denver Bulls batting - Pitching for New York Cyclones : RHP Theodore Stocker
Batting: LHB Ollie Snelgrove 0-0: Ball
1-0: Ball
2-0: Ball
3-0: Called Strike
3-1: Ground out 5-3 (Groundball, 56, EV 106.2 MPH)
Batting: SHB T.J. Carter 0-0: Ball
1-0: Foul Ball, location: 2F
1-1: Ball
2-1: Ball
3-1: Base on Balls
Batting: RHB Dalton Brown 0-0: Called Strike
0-1: Called Strike
0-2: Strikes out swinging
Batting: LHB Johnathan Wang 0-0: Ball
T.J. Carter steals 2nd base
1-0: Ball
2-0: Foul Ball, location: 2F
2-1: Foul Ball, location: 2F
2-2: Fly out, F9 (Flyball, 9, EV 89.4 MPH)
Bottom of the 3rd over - 0 runs, 0 hits, 0 errors, 1 left on base; New York 2 - Denver 0
TOP OF THE 4TH
New York Cyclones batting - Pitching for Denver Bulls : RHP Dwan Tamarovsky
Batting: LHB Jared Rosewall 0-0: Swinging Strike
0-1: Ball
1-1: Swinging Strike
1-2: Foul Ball, location: 2F
1-2: Foul Ball, location: 2F
1-2: Strikes out swinging
Batting: RHB Alexander Charter 0-0: Called Strike
0-1: Foul Ball, location: 2F
0-2: Ball
1-2: Foul Ball, location: 2F
1-2: Ball
2-2: Foul Ball, location: 2F
2-2: Foul Ball, location: 2F
2-2: Foul Ball, location: 2F
2-2: DOUBLE (Flyball, 8LXD, EV 110.6 MPH)
Batting: LHB Elmer Nelson 0-0: Called Strike
0-1: Swinging Strike
0-2: Ball
1-2: Ball
2-2: Ground out 4-3 (Groundball, 13, EV 86.2 MPH)
Alexander Charter to third
Batting: RHB Pat Duke 0-0: Called Strike
0-1: Foul Ball, location: 2F
0-2: Ground out 4-3 (Groundball, 4, EV 104.4 MPH)
Top of the 4th over - 0 runs, 1 hit, 0 errors, 1 left on base; New York 2 - Denver 0
BOTTOM OF THE 4TH
Denver Bulls batting - Pitching for New York Cyclones : RHP Theodore Stocker
Batting: RHB Chasson Egan 0-0: Ball
1-0: Foul Ball, location: 2F
1-1: Swinging Strike
1-2: Foul Ball, location: 2F
1-2: Ball
2-2: Foul Ball, location: 2F
2-2: Strikes out swinging
Batting: LHB Michael Hughes 0-0: Ball
1-0: SINGLE (Groundball, 6M, EV 106.9 MPH) (infield hit)
Batting: RHB Kyle Bruns 0-0: Grounds into double play, 6-4-3 (Groundball, 56, EV 105.0 MPH)
Bottom of the 4th over - 0 runs, 1 hit, 0 errors, 0 left on base; New York 2 - Denver 0
TOP OF THE 5TH
New York Cyclones batting - Pitching for Denver Bulls : RHP Dwan Tamarovsky
Batting: LHB Tariq Alston 0-0: Ball
1-0: Swinging Strike
1-1: Foul Ball, location: 2F
1-2: Foul Ball, location: 2F
1-2: Strikes out swinging
Batting: RHB Kaniel Martinez 0-0: Called Strike
0-1: Called Strike
0-2: Ball
1-2: Ball
2-2: Ground out 4-3 (Groundball, 4, EV 106.9 MPH)
Batting: RHB Stefan Jamroz 0-0: Ball
1-0: Ball
2-0: Called Strike
2-1: Called Strike
2-2: Ball
3-2: Strikes out swinging
Top of the 5th over - 0 runs, 0 hits, 0 errors, 0 left on base; New York 2 - Denver 0
BOTTOM OF THE 5TH
Denver Bulls batting - Pitching for New York Cyclones : RHP Theodore Stocker
Batting: LHB Vince Ridgway 0-0: SINGLE (Line Drive, 5D, EV 103.1 MPH)
Batting: RHB Liam Gill 0-0: Called Strike
Vince Ridgway steals 2nd base (no throw)
0-1: SINGLE (Line Drive, 56, EV 99.4 MPH)
Vince Ridgway to third
Batting: LHB Ollie Snelgrove 0-0: Called Strike
0-1: Swinging Strike
0-2: Ball
1-2: Strikes out looking
Batting: SHB T.J. Carter Pickoff Throw to First - Out! 1-3
0-0: Ball
1-0: Foul Ball, location: 2F
1-1: Ground out 6-3 (Groundball, 6M, EV 75.6 MPH)
Bottom of the 5th over - 0 runs, 2 hits, 0 errors, 1 left on base; New York 2 - Denver 0
TOP OF THE 6TH
New York Cyclones batting - Pitching for Denver Bulls : RHP Dwan Tamarovsky
Batting: RHB Fred Etheridge 0-0: Foul Ball, location: 2F
0-1: Foul Ball, location: 2F
0-2: Ball
1-2: Strikes out swinging
Batting: LHB Jim Mjima 0-0: Ball
1-0: Ball
2-0: Called Strike
2-1: Ground out 4-3 (Groundball, 4MD, EV 86.2 MPH)
Batting: LHB Jared Rosewall 0-0: Called Strike
0-1: Ball
1-1: Ground out U3 (Groundball, 3L, EV 85.0 MPH)
Top of the 6th over - 0 runs, 0 hits, 0 errors, 0 left on base; New York 2 - Denver 0
BOTTOM OF THE 6TH
Denver Bulls batting - Pitching for New York Cyclones : RHP Theodore Stocker
Batting: RHB Dalton Brown 0-0: Called Strike
0-1: Fly out, F8 (Flyball, 8RS, EV 82.5 MPH)
Batting: LHB Johnathan Wang 0-0: Foul Ball, location: 2F
0-1: SINGLE (Groundball, 34D, EV 103.1 MPH)
Batting: RHB Chasson Egan 0-0: Called Strike
0-1: Foul Ball, location: 2F
0-2: Ball
1-2: Ball
2-2: Foul Ball, location: 2F
2-2: Ball
3-2: Foul Ball, location: 2F
3-2: Strikes out looking
Batting: LHB Michael Hughes 0-0: Called Strike
Johnathan Wang steals 2nd base (no throw)
0-1: Ball
1-1: Ball
2-1: Foul Ball, location: 2F
2-2: Ground out U3 (Groundball, 23, EV 91.9 MPH)
Bottom of the 6th over - 0 runs, 1 hit, 0 errors, 1 left on base; New York 2 - Denver 0
TOP OF THE 7TH
New York Cyclones batting - Pitching for Denver Bulls : RHP Dwan Tamarovsky
Batting: RHB Alexander Charter 0-0: DOUBLE (Line Drive, 89XD, EV 106.9 MPH)
Batting: LHB Elmer Nelson 0-0: Fly out, F8 (Flyball, 8LXD, EV 101.9 MPH)
Runner from 2nd tags up, SAFE at 3rd, no throw by CF
Batting: RHB Pat Duke 0-0: Ball
1-0: Called Strike
1-1: Ball
2-1: Ball
3-1: Ground out 5-3 (Groundball, 56S, EV 85.6 MPH)
Pitching: LHP Kingston Fry
Batting: LHB Tariq Alston 0-0: Called Strike
0-1: Foul Ball, location: 2F
0-2: Ball
1-2: Strikes out looking
Top of the 7th over - 0 runs, 1 hit, 0 errors, 1 left on base; New York 2 - Denver 0
BOTTOM OF THE 7TH
Denver Bulls batting - Pitching for New York Cyclones : RHP Theodore Stocker
Batting: RHB Kyle Bruns 0-0: Ball
1-0: Ball
2-0: Ball
3-0: Fly out, F3 (Popup, 3F, EV 79.4 MPH)
Batting: LHB Vince Ridgway 0-0: Swinging Strike
0-1: Ground out 1-3 (Groundball, 34S, EV 70.0 MPH)
Batting: RHB Liam Gill 0-0: Foul Ball, location: 2F
0-1: Foul Ball, location: 2F
0-2: Fly out, F8 (Line Drive, 8LM, EV 91.9 MPH)
Bottom of the 7th over - 0 runs, 0 hits, 0 errors, 0 left on base; New York 2 - Denver 0
TOP OF THE 8TH
New York Cyclones batting - Pitching for Denver Bulls : LHP Kingston Fry
Batting: RHB Kaniel Martinez 0-0: Called Strike
0-1: Ball
1-1: Ball
2-1: Called Strike
2-2: Strikes out looking
Batting: RHB Stefan Jamroz 0-0: Called Strike
0-1: Ball
1-1: Called Strike
1-2: Strikes out swinging
Batting: RHB Fred Etheridge 0-0: Swinging Strike
0-1: Foul Ball, location: 2F
0-2: Ball
1-2: Strikes out swinging
Top of the 8th over - 0 runs, 0 hits, 0 errors, 0 left on base; New York 2 - Denver 0
BOTTOM OF THE 8TH
Denver Bulls batting - Pitching for New York Cyclones : RHP Theodore Stocker
Batting: LHB Ollie Snelgrove 0-0: Ball
1-0: Ground out U3 (Groundball, 3, EV 80.6 MPH)
Batting: SHB T.J. Carter 0-0: Ball
1-0: Fly out, F4 (Popup, 4M, EV 68.8 MPH)
Batting: RHB Dalton Brown 0-0: Ball
1-0: Called Strike
1-1: Ground out U3 (Groundball, 13, EV 80.6 MPH)
Bottom of the 8th over - 0 runs, 0 hits, 0 errors, 0 left on base; New York 2 - Denver 0
TOP OF THE 9TH
New York Cyclones batting - Pitching for Denver Bulls : LHP Kingston Fry
Batting: LHB Jim Mjima 0-0: Ball
1-0: Ball
2-0: Ball
3-0: Called Strike
3-1: Swinging Strike
3-2: Strikes out swinging
Batting: LHB Jared Rosewall 0-0: Swinging Strike
0-1: Ball
1-1: Foul Ball, location: 2F
1-2: Ball
2-2: DOUBLE (Flyball, 8RXD, EV 112.5 MPH)
Batting: RHB Alexander Charter 0-0: Intentional Walk
Batting: LHB Elmer Nelson 0-0: Swinging Strike
0-1: Ball
1-1: Ball
2-1: Called Strike
2-2: Foul Ball, location: 2F
2-2: Strikes out swinging
Batting: RHB Pat Duke 0-0: Swinging Strike
0-1: Ground out 6-3 (Groundball, 6S, EV 83.1 MPH)
Top of the 9th over - 0 runs, 1 hit, 0 errors, 2 left on base; New York 2 - Denver 0
BOTTOM OF THE 9TH
Denver Bulls batting - Pitching for New York Cyclones : RHP Theodore Stocker
Pitching: LHP Dawson Hupp
Batting: LHB Johnathan Wang 0-0: SINGLE (Groundball, 4MD, EV 100.6 MPH)
Batting: RHB Chasson Egan 0-0: Called Strike
0-1: Ball
1-1: DOUBLE (Line Drive, 89D, EV 101.2 MPH)
Johnathan Wang to third
Pinch Hitting: RHB Lambert Howard 0-0: Ball
1-0: Ball
2-0: Ball
3-0: Called Strike
3-1: Base on Balls
Batting: RHB Kyle Bruns 0-0: Ball
1-0: Called Strike
1-1: Called Strike
1-2: Grounds into double play, 5-4-3 (Groundball, 56S, EV 83.1 MPH)
Johnathan Wang scores
Chasson Egan to third
Batting: LHB Vince Ridgway 0-0: Called Strike
0-1: SINGLE (Groundball, 5S, EV 73.8 MPH) (infield hit)
Chasson Egan scores
Batting: RHB Liam Gill 0-0: Swinging Strike
0-1: Ball
1-1: Called Strike
1-2: Strikes out swinging
Bottom of the 9th over - 2 runs, 3 hits, 0 errors, 1 left on base; New York 2 - Denver 2
TOP OF THE 10TH
New York Cyclones batting - Pitching for Denver Bulls : LHP Kingston Fry
Pitching: LHP Colby Saunders
Now at 1B: Lambert Howard
Pinch Hitting: RHB Jarrett Evans 0-0: Ball
1-0: Foul Ball, location: 2F
1-1: SINGLE (Flyball, 5D, EV 88.1 MPH)
Batting: RHB Kaniel Martinez 0-0: Sac Bunt to 3S - play at second, runner OUT! 3-6
Batting: RHB Stefan Jamroz 0-0: Ball
1-0: Called Strike
1-1: Ball
2-1: Ball
3-1: Base on Balls
Kaniel Martinez to second
Batting: RHB Fred Etheridge 0-0: Foul Ball, location: 2F
0-1: Ball
1-1: SINGLE (Groundball, 56S, EV 68.8 MPH) (infield hit)
Kaniel Martinez to third
Stefan Jamroz to second
Batting: LHB Jim Mjima 0-0: Called Strike
0-1: Swinging Strike
0-2: Ball
1-2: Ball
2-2: Fly out, F7 (Line Drive, 7D, EV 85.6 MPH)
Runner from 3rd tags up, SCORES, no throw by LF
Batting: LHB Jared Rosewall 0-0: Ball
1-0: Swinging Strike
1-1: Ground out 4-3 (Groundball, 4, EV 86.2 MPH)
Top of the 10th over - 1 run, 2 hits, 0 errors, 2 left on base; New York 3 - Denver 2
BOTTOM OF THE 10TH
Denver Bulls batting - Pitching for New York Cyclones : LHP Dawson Hupp
Pitching: LHP Richard Dobson
Now at 2B: Pat Duke
Now at 3B: Jarrett Evans
Pinch Hitting: RHB Odell Mapute 0-0: Ball
1-0: Foul Ball, location: 2F
1-1: Swinging Strike
1-2: Foul Ball, location: 2F
1-2: Foul Ball, location: 2F
1-2: Strikes out swinging
Batting: SHB T.J. Carter 0-0: Called Strike
0-1: Called Strike
0-2: Ball
1-2: Strikes out looking
Batting: RHB Dalton Brown 0-0: Ball
1-0: Ball
2-0: Ball
3-0: Called Strike
3-1: Base on Balls
Batting: LHB Johnathan Wang 0-0: Reached on error, E4 (Groundball, 34S, EV 85.0 MPH)
Dalton Brown to third
Batting: RHB Chasson Egan 0-0: Intentional Walk
Batting: RHB Lambert Howard 0-0: Fly out, F8 (Flyball, 8LD, EV 91.2 MPH)
Bottom of the 10th over - 0 runs, 0 hits, 1 error, 3 left on base; New York 3 - Denver 2
Monday, April 29th , 2024 - OOTP Baseball 23.10 Build 110